 Dungeon Crawl Stone Soup version 0.31.0-7-gf635a9b802 (webtiles) character file.

Game seed: 1809809137734885798

188073 puppykicker the Brawler (level 17, -1/154 HPs)
             Began as a Troll Enchanter on Jan 24, 2024.
             Was the Champion of Hepliaklqana.
             Killed from afar by Asterion (56 damage)
             ... with an orb of electricity
             ... on level 4 of the Snake Pit.
             The game lasted 01:21:41 (26221 turns).

puppykicker the Brawler (Troll Enchanter)          Turns: 26221, Time: 01:21:42

Health: -1/154     AC: 17    Str: 29    XL:     17   Next: 90%
Magic:  17/19      EV: 16    Int: 11    God:    Hepliaklqana [******]
Gold:   1769       SH: 20    Dex: 16    Spells: 18/18 levels left

rFire   . .          .
                       - Unarmed
rCold   x . .        E - +8 kite shield of the Hidden Vale {Str+3}
rNeg    . . .        n - +2 troll leather armour {Pargi}
rPois   +            G - +2 hat {Will+}
rElec   .            U - +2 cloak "Weh Wokh" {rPois Dex+2}
rCorr   .            (gloves unavailable)
SInv    .            (boots unavailable)
Will    +++..        R - amulet of regeneration
Stlth   ++           a - +5 ring of evasion
HPRegen 2.85/turn    O - ring "Socziygg" {Will+ AC+4 Dex+4}
MPRegen 0.16/turn

%: no passive effects
@: hasted, very quick
A: reduced essence, large, unfitting armour, claws 3, regeneration 1, shaggy fur
1, tough skin 1, cold vulnerability 1
a: Renounce Religion, Recall Ancestor, Ancestor Identity, Transference, Idealise


You were on level 4 of the Snake Pit.
You worshipped Hepliaklqana.
Hepliaklqana was exalted by your worship.
You visited 5 branches of the dungeon, and saw 27 of its levels.
You also visited: Sewer, Bailey and Ice Cave.

You collected 2979 gold pieces.
You spent 1210 gold pieces at shops.

Inventory:

Missiles
 w - 3 throwing nets
 F - 24 poisoned darts
 S - 8 large rocks (quivered)
Armour
 n - a +2 troll leather armour (worn) {Pargi}
 E - the +8 kite shield of the Hidden Vale (worn) {Str+3}
   (You acquired it in a bailey)

   Str+3:     It affects your strength (+3).
 G - a +2 hat of willpower (worn)
 T - a +2 robe of resistance {rC+, rF+}
 U - the +2 cloak "Weh Wokh" (worn) {rPois Dex+2}
   (You bought it in a shop on level 2 of the Orcish Mines)

   Dex+2:     It affects your dexterity (+2).
   rPois:     It protects you from poison
Jewellery
 a - a +5 ring of evasion (left claw)
 I - a ring of protection from cold
 N - the ring of the Failed Coup {Ice ^Drain rCorr Int+4 Dex+3}
   (You found it in an ice cave)

   [ring of ice]

   Ice:       It enhances your ice magic.
   Int+4:     It affects your intelligence (+4).
   Dex+3:     It affects your dexterity (+3).
   rF-:       It makes you vulnerable to fire.
   rC+:       It protects you from cold.
   rCorr:     It protects you from acid and corrosion.
   ^Drain:    It drains your maximum health when unequipped.
 O - the ring "Socziygg" (right claw) {Will+ AC+4 Dex+4}
   (You acquired it on level 14 of the Dungeon)

   [ring of protection]

   AC+4:      It affects your AC (+4).
   Dex+4:     It affects your dexterity (+4).
   Will+:     It increases your willpower.
 R - an amulet of regeneration (around neck)
Wands
 l - a wand of roots (3)
 u - a wand of polymorph (10)
 v - a wand of light (6)
 A - a wand of paralysis (18)
 C - a wand of flame (55)
 D - a wand of digging (18)
 K - a wand of mindburst (14)
Scrolls
 b - 2 scrolls of silence
 e - 5 scrolls of fear
 f - 3 scrolls of fog
 i - 13 scrolls of identify
 m - 7 scrolls of immolation {!r}
 t - 12 scrolls of teleportation
 x - 2 scrolls of revelation
 y - 3 scrolls of vulnerability {!r!r}
 B - 4 scrolls of blinking {!r}
 L - a scroll of torment {!r}
 Q - a scroll of butterflies
Potions
 c - 3 potions of invisibility
 d - 8 potions of heal wounds
 g - 3 potions of brilliance
 h - 3 potions of cancellation
 j - 2 potions of lignification {!q}
 k - 4 potions of berserk rage {!q}
 o - 4 potions of enlightenment
 p - 12 potions of ambrosia
 q - 17 potions of curing
 r - 2 potions of attraction {!q}
 s - 5 potions of mutation {!q}
 z - 2 potions of magic
 J - a potion of haste
 P - a potion of resistance
Miscellaneous
 H - a lightning rod (3/4)
 M - a condenser vane
 V - a phantom mirror


   Skills:
 + Level 12.0 Fighting
 - Level 0.7 Short Blades
 + Level 9.9 Throwing
 * Level 9.6 Armour
 + Level 4.9 Dodging
 - Level 1.5 Stealth
 + Level 11.3 Shields
 * Level 19.7 Unarmed Combat
 - Level 1.2 Spellcasting
 - Level 2.0 Hexes
 + Level 4.6 Invocations
 + Level 7.2 Evocations


You had 18 spell levels left.
You didn't know any spells.
Your spell library contained the following spells:

 Spells                   Type           Power      Damage    Failure   Level
 Sandblast                Erth           0%         2d4       47%         1
 Ensorcelled Hibernation  Hex/Ice        4%         N/A       47%         2
 Confusing Touch          Hex            5%         N/A       56%         3
 Sigil of Binding         Hex            5%         N/A       56%         3
 Tukima's Dance           Hex            5%         N/A       56%         3
 Cigotuvi's Dreadful Rot  Necr/Alch/Air  0%         N/A       63%         2
 Dazzling Flash           Conj/Hex       4%         N/A       71%         3
 Call Canine Familiar     Summ           0%         N/A       85%         3
 Fugue of the Fallen      Necr           0%         N/A       85%         3
 Hailstorm                Conj/Ice       0%         3d5       85%         3
 Ozocubu's Armour         Ice            0%         N/A       85%         3
 Passwall                 Erth           0%         N/A       85%         3
 Stone Arrow              Conj/Erth      0%         3d7       85%         3
 Summon Ice Beast         Ice/Summ       0%         N/A       85%         3
 Cause Fear               Hex            2%         N/A       93%         4
 Anguish                  Hex/Necr       1%         N/A       98%         4
 Dimensional Bullseye     Hex/Tloc       1%         N/A       98%         4
 Animate Armour           Summ/Erth      0%         N/A       99%         4
 Animate Dead             Necr           0%         N/A       99%         4
 Brom's Barrelling Bould  Conj/Erth      0%         2d3       99%         4
 Ignite Poison            Fire/Alch      0%         N/A       99%         4
 Manifold Assault         Tloc           0%         N/A       99%         4
 Olgreb's Toxic Radiance  Alch           0%         N/A       99%         4
 Passage of Golubria      Tloc           0%         N/A       99%         4
 Alistair's Intoxication  Alch           0%         N/A       100%        5
 Borgnjor's Vile Clutch   Necr/Erth      0%         N/A       100%        5
 Fireball                 Conj/Fire      0%         3d3       100%        5
 Freezing Cloud           Conj/Ice/Air   0%         6-21      100%        5
 Summon Forest            Summ/Tloc      0%         N/A       100%        5
 Summon Mana Viper        Hex/Summ       2%         N/A       100%        5
 Yara's Violent Unravell  Hex/Alch       1%         3d3       100%        5
 Death Channel            Necr           0%         N/A       100%        6
 Eringya's Noxious Bog    Alch           0%         4d6       100%        6
 Sculpt Simulacrum        Ice/Alch       0%         N/A       100%        6
 Summon Cactus Giant      Summ           0%         N/A       100%        6
 Enfeeble                 Hex            2%         N/A       100%        7
 Ozocubu's Refrigeration  Ice            0%         4d7       100%        7
 Discord                  Hex            2%         N/A       100%        8
 Lehudib's Crystal Spear  Conj/Erth      0%         10d2      100%        8
 Dragon's Call            Summ           0%         N/A       100%        9


Dungeon Overview and Level Annotations

Branches:
Dungeon (15/15)            Temple (1/1) D:4            Lair (5/5) D:11
  Swamp (0/4) Lair:3        Snake (4/4) Lair:3        Slime (0/5) Lair:5
    Orc (2/2) D:12            Elf (0/3) Orc:2        Vaults (0/5) D:13
 Depths (0/4) D:15          Sewer (visited)          Bailey (visited)
  IceCv (visited)

Altars:
Ashenzari
Cheibriados
Dithmenos
Elyvilon
Fedhas
Gozag
Hepliaklqana
Kikubaaqudgha
Makhleb
Nemelex Xobeh
Okawaru
Qazlal
Ru
Sif Muna
Trog
Uskayaw
Vehumet
Wu Jian
Xom
Yredelemnul
Zin
The Shining One
Jiyva

Shops:
D:1 ?   D:11 [   Orc:2 *[*:   Snake:1 ?   Snake:2 ([[((   Snake:4 (

Portals:
Pandemonium: Orc:2

Annotations:
D:13 2 transporters, snydleywhiplash's ghost, journeyman MiFi
Snake:2 1 runed translucent door, wjtupper's ghost, adept MiHu
Snake:4 Asterion


Innate Abilities, Weirdness & Mutations

Your life essence is reduced to manifest your ancestor. (-10% HP)
You are too large for most types of armour.
You have claws for hands.
Your natural rate of healing is unusually fast.
You are covered in fur. (AC +1)
You have tough skin. (AC +1)
You are vulnerable to cold. (rC-)


Message History

Amurritum hits Asterion but does no damage.
Amurritum completely misses the nagaraja.
You block the nagaraja's attack.
You regained 16 hp, and now have 44/154 hp.
Unknown command.
Okay, then.
Amurritum blocks Asterion's attack.
The +0 spectral demon blade barely misses Amurritum.
Amurritum blocks Asterion's attack.
The cacodemon barely misses Amurritum.
Amurritum blocks the cacodemon's attack.
You hear a bow twang.
An arrow appears from out of your range of vision.
The arrow hits Amurritum!
The arrow burns Amurritum.
You regained 2 hp, and now have 46/154 hp.
The nagaraja hits Amurritum but does no damage.
Asterion barely misses Amurritum.
The +0 spectral demon blade hits Amurritum.
Amurritum is destroyed!
Asterion bellows!
You regained 2 hp, and now have 48/154 hp.
Unknown command.
The cacodemon gestures at you.
Strange energies course through your body.
You feel vulnerable to cold.
Unknown command.
Throw: 9 large rocks
Press: ? - help, Q - select action, (/) - cycle Shift-Dir - straight line, f - Asterion
Aim: Asterion, wielding a +0 spectral demon blade, wearing a +2 chain mail of cold resistance and wearing a +2 kite shield (severely wounded, fast, 94% to hit)
You throw a large rock.
Asterion blocks the large rock.
The +0 spectral demon blade disappears.
You regained 3 hp, and now have 52/154 hp.
You mangle Asterion!!
Asterion is almost dead.
You regained 2 hp, and now have 54/154 hp.
Asterion blocks your attack.
Asterion is almost dead.
Asterion conjures a destructive force in the name of Makhleb!
The orb of electricity explodes!
The orb of electricity engulfs you!!!
You die...
Asterion bellows, "I am king!
All will kneel!"

# ##....## # #....# #
############....#### ##
#..................#
.#######......##......R...##
..............##....##H....######
..............########.N.........
..............########...........
........†.....##@H..##...........
################....##...........
.##############...N(##...........
...................2.............
.................................
........)........................
.................................
.................................
.....................#######.....


You could see Asterion (fast), a cacodemon (summoned) and a nagaraja (fast).

Levels and vault maps discovered:
D:1:      psy_arrival_radial01, layout_basic, serial_shops, shop
D:2:      layout_loops_ring
D:3:      layout_rooms, mainiacjoe_overflow_chevrons,
          mainiacjoe_overflow_concentric_impassable, gup_sewer_entry_glass,
          kennysheep_generic_room_12, uniq_terence
D:4:      layout_basic, lemuel_round_altar, minmay_temple_entry_poolview,
          serial_shops, nicolae_shop_peninsula, kennysheep_diamond,
          hangedman_abyss_or_decor_slice, uniq_natasha
D:5:      layout_rooms, hangedman_abyss_or_decor_stagger
D:6:      layout_loops_cross, nicolae_qazlal_eye_of_the_storm,
          nicolae_uskayaw_murder_on_the_dancefloor
D:7:      layout_basic, trog_three_pillars_becter, uniq_maggie, uniq_maurice,
          uniq_joseph, uniq_duvessa
D:8:      layout_basic, the_hattery, uniq_jeremiah, uniq_grum, uniq_psyche
D:9:      layout_loops_ring, special_room [special_room_bee], enter_bailey_7
D:10:     layout_roguey, old_standard_altar, lemuel_flame_loot_1, uniq_harold
D:11:     layout_grid_maze, lair_entry_dummy, serial_shops,
          nicolae_shop_peninsula, uniq_snorg
D:12:     statuecave_lemuel, layout_stronghold, orc_0_dummy
D:13:     layout_basic, skrybe_vaults_entry_preservation, serial_rivers,
          chequers_serial_rivers_marsh, chequers_serial_rivers_marsh,
          chequers_serial_rivers_marsh, chequers_serial_rivers_micro_a,
          gammafunk_ghost_hive, portal_ice_cave_entry_animals_and_master
D:14:     layout_irregular_city, minmay_tree_intersection
D:15:     grunt_enter_depths_hoard, layout_stronghold, uniq_roxanne
Temple:   regret_index_temple_generic_petals
Lair:1:   layout_regular_city
Lair:2:   layout_chaotic_city
Lair:3:   layout_regular_city, minmay_swamp_entry_swarm, dummy_snake_entry
Lair:4:   layout_cave_pods, grunt_megastairs_3, infiniplex_staircase_pool,
          serial_bayou_shore_b, lemuel_fruit_tree
Lair:5:   cheibrodos_lair_end_hotspot, layout_long_grid, dpeg_slime_entry_corner
Snake:1:  layout_grid_maze, serial_shops, shop
Snake:2:  layout_chambers, serial_shops, shop, hellmonk_ghost_happy_afterlife,
          minmay_shoptagon
Snake:3:  layout_chambers, grunt_ministairs_7, nicolae_snake_dead_anacondas
Snake:4:  minmay_snake_end_coiled, layout_grid_maze, serial_shops, shop,
          uniq_asterion
Orc:1:    layout_diamond_mine
Orc:2:    pf_orc_diabolical, layout_caves, ebering_ghost_inner_flame

Notes
Turn   | Place    | Note
-------+----------+-------------------------------------------
     0 | D:1      | puppykicker the Troll Enchanter began the quest for the
                  | Orb.
     0 | D:1      | Reached XP level 1. HP: 16/16 MP: 1/1
    45 | D:1      | Identified a +0 short sword
    70 | D:1      | Reached skill level 1 in Unarmed Combat
   161 | D:1      | Reached XP level 2. HP: 26/26 MP: 2/2
   203 | D:1      | Identified a +0 club
   252 | D:1      | Identified a +0 dagger
   313 | D:1      | Found Ryuzyxor's Magic Scroll Emporium.
   385 | D:1      | Reached skill level 1 in Fighting
   387 | D:1      | Identified a +0 dagger
   392 | D:1      | Identified a +0 club
   395 | D:1      | Reached skill level 2 in Unarmed Combat
   400 | D:1      | Reached XP level 3. HP: 33/33 MP: 3/3
   576 | D:1      | Identified a +0 dagger
   681 | D:1      | Identified a +0 short sword
   734 | D:1      | Identified a +0 dagger
   747 | D:1      | Identified a +5 ring of evasion
   941 | D:2      | Identified a +0 cloak
  1230 | D:2      | Identified a +0 club
  1235 | D:2      | Identified a +0 club
  1249 | D:2      | Reached skill level 3 in Unarmed Combat
  1249 | D:2      | Reached XP level 4. HP: 33/41 MP: 4/4
  1298 | D:1      | Bought a scroll of teleportation for 36 gold pieces
  1315 | D:2      | Identified a +0 mace
  1340 | D:2      | Identified a +0 short sword
  1516 | D:3      | Identified a +0 club
  1526 | D:3      | Found a broken altar of Ashenzari.
  1556 | D:3      | Identified a +0 short sword
  1562 | D:3      | Found a glowing drain.
  1594 | Sewer    | Entered a sewer
  1599 | Sewer    | Noticed a brain worm
  1610 | Sewer    | Identified a +0 dagger
  1615 | Sewer    | Killed a brain worm
  1616 | Sewer    | Reached skill level 2 in Fighting
  1616 | Sewer    | Reached skill level 4 in Unarmed Combat
  1616 | Sewer    | Reached XP level 5. HP: 45/49 MP: 3/5
  1664 | Sewer    | Noticed Pargi
  1679 | Sewer    | Killed Pargi
  1679 | Sewer    | Identified a +0 troll leather armour {Pargi}
  1680 | Sewer    | Reached XP level 6. HP: 34/59 MP: 6/6
  1712 | Sewer    | Reached skill level 5 in Unarmed Combat
  1713 | Sewer    | Identified a +0 ring mail
  1842 | D:3      | Found an iron altar of Okawaru.
  1854 | D:3      | Identified a +0 club
  1876 | D:3      | Identified a +0 falchion
  1914 | D:3      | Identified a +0 dagger
  1914 | D:3      | Identified a +0 sling
  1995 | D:3      | Identified a +2 heavy hand axe
  1995 | D:3      | Identified a +0 chain mail
  1995 | D:3      | Noticed Terence
  2000 | D:3      | Killed Terence
  2001 | D:3      | Reached skill level 3 in Fighting
  2191 | D:3      | Identified the +0 buckler of Resonance {Int+3}
  2279 | D:1      | Bought a scroll of fear for 48 gold pieces
  2279 | D:1      | Bought 3 scrolls of identify for 72 gold pieces
  2344 | D:4      | Identified a +0 dagger
  2353 | D:4      | Identified a +0 short sword
  2355 | D:4      | Identified a potion of ambrosia
  2356 | D:4      | Identified a potion of berserk rage
  2357 | D:4      | Identified 6 potions of curing
  2358 | D:4      | Identified a potion of heal wounds
  2359 | D:4      | Identified 2 potions of lignification
  2360 | D:4      | Identified a potion of brilliance
  2510 | D:4      | Noticed Natasha
  2518 | D:4      | Killed Natasha
  2527 | D:4      | Noticed Natasha
  2535 | D:4      | Killed Natasha
  2539 | D:4      | Identified a +0 club
  2543 | D:4      | Identified a +2 short sword of freezing
  2546 | D:4      | Identified a +0 giant club
  2548 | D:4      | Found a staircase to the Ecumenical Temple.
  2564 | Temple   | Entered the Ecumenical Temple
  2587 | Temple   | Became a worshipper of Hepliaklqana the Forgotten
  2631 | D:4      | Reached XP level 7. HP: 45/67 MP: 7/7
  2661 | D:4      | Found Qurhil's General Store.
  2713 | D:4      | Identified a potion of degeneration
  2727 | D:4      | Reached skill level 6 in Unarmed Combat
  2783 | D:4      | Noticed Natasha
  2872 | D:4      | Found an ancient bone altar of Kikubaaqudgha.
  2920 | D:4      | Identified a +0 leather armour
  3062 | D:4      | Identified a +0 halberd
  3075 | D:4      | Identified a +0 short sword
  3166 | D:4      | Killed Natasha
  3292 | D:5      | Entered Level 5 of the Dungeon
  3298 | D:5      | Identified a +0 club
  3302 | D:5      | Identified a +0 spear
  3303 | D:5      | Identified a +0 dagger
  3303 | D:5      | Identified a +0 leather armour
  3303 | D:5      | Identified a +0 club
  3303 | D:5      | Identified a +0 club
  3335 | D:5      | Identified a +0 trident
  3376 | D:5      | Identified a +0 spear
  3376 | D:5      | Identified a +0 whip
  3376 | D:5      | Identified a +0 trident
  3376 | D:5      | Identified a +0 scale mail
  3376 | D:5      | Identified a +2 whip of venom
  3376 | D:5      | Identified a +0 whip
  3389 | D:5      | Identified a +0 giant club
  3398 | D:5      | Reached skill level 4 in Fighting
  3398 | D:5      | Reached skill level 7 in Unarmed Combat
  3420 | D:5      | Reached XP level 8. HP: 66/79 MP: 8/8
  3564 | D:5      | Reached skill level 8 in Unarmed Combat
  3567 | D:5      | Identified a +0 dagger
  3567 | D:5      | Identified a +0 scale mail
  3568 | D:5      | Identified a +0 dagger
  3568 | D:5      | Identified a +0 falchion
  3568 | D:5      | Identified a +0 chain mail
  3569 | D:5      | Identified a +0 mace
  3570 | D:5      | Identified a +0 dagger
  3570 | D:5      | Identified a +0 robe
  3873 | D:5      | Reached skill level 5 in Fighting
  3929 | D:2      | Identified a +0 dagger
  3973 | D:1      | Bought a scroll of identify for 24 gold pieces
  3973 | D:1      | Bought a scroll of identify for 24 gold pieces
  3973 | D:1      | Bought a scroll of teleportation for 36 gold pieces
  3973 | D:1      | Bought a scroll of teleportation for 36 gold pieces
  3973 | D:1      | Identified a potion of attraction
  3974 | D:1      | Identified 2 potions of mutation
  4084 | D:6      | Reached skill level 9 in Unarmed Combat
  4103 | D:6      | Reached XP level 9. HP: 54/88 MP: 9/9
  4136 | D:6      | Identified a +0 dagger
  4136 | D:6      | Identified a +0 robe
  4136 | D:6      | Identified a +0 whip
  4137 | D:6      | Identified a +0 whip
  4226 | D:6      | Identified a +0 leather armour
  4264 | D:6      | Identified a +0 robe
  4272 | D:6      | Reached skill level 10 in Unarmed Combat
  4277 | D:6      | Identified 2 scrolls of blinking
  4278 | D:6      | Identified 3 scrolls of immolation
  4279 | D:6      | Identified 2 scrolls of revelation
  4284 | D:6      | Found a stormy altar of Qazlal.
  4311 | D:6      | Reached * piety under Hepliaklqana
  4311 | D:6      | Identified a +0 mace
  4311 | D:6      | Identified a +0 chain mail
  4410 | D:6      | Identified an orb of wrath
  4441 | D:6      | Reached skill level 6 in Fighting
  4462 | D:6      | Found a hide-covered altar of Uskayaw.
  4490 | D:6      | Identified a scroll of brand weapon
  4537 | D:6      | Identified a +0 mace
  4550 | D:6      | Identified a +0 short sword
  4550 | D:6      | Identified a +0 ring mail
  4551 | D:6      | Identified a +0 short sword
  4551 | D:6      | Identified a +0 leather armour
  4553 | D:6      | Identified a +0 dagger
  4878 | D:7      | Identified a +0 short sword
  4878 | D:7      | Identified a +0 leather armour
  4878 | D:7      | Noticed Duvessa
  4878 | D:7      | Identified a +0 dagger
  4878 | D:7      | Identified a +1 robe of fire resistance
  4878 | D:7      | Noticed Dowan
  4892 | D:7      | Killed Duvessa
  4895 | D:7      | Killed Dowan
  5092 | D:1      | Bought a scroll of amnesia for 48 gold pieces
  5092 | D:1      | Bought a scroll of vulnerability for 48 gold pieces
  5269 | D:7      | Identified a +0 dagger of electrocution
  5269 | D:7      | Identified a +0 cloak
  5269 | D:7      | Noticed Maurice
  5270 | D:7      | Maurice stole 8 poisoned darts
  5273 | D:7      | Paralysed by Maurice for 2 turns
  5274 | D:7      | Maurice stole an orb of wrath
  5275 | D:7      | Maurice stole 26 gold
  5279 | D:7      | Killed Maurice
  5280 | D:7      | Reached skill level 11 in Unarmed Combat
  5329 | D:7      | Found a bloodstained altar of Trog.
  5478 | D:1      | Bought a scroll of fear for 48 gold pieces
  5646 | D:7      | Identified a +0 long sword
  5686 | D:7      | Identified a +0 broad axe
  5753 | D:7      | Identified the +1 war axe of Intuition {spect, rPois rC-
                  | SInv}
  5798 | D:7      | Reached ** piety under Hepliaklqana
  5803 | D:7      | Identified a +0 quarterstaff
  5803 | D:7      | Identified a +0 sling
  5803 | D:7      | Identified a +0 leather armour
  5803 | D:7      | Noticed Joseph
  5811 | D:7      | Killed Joseph
  5982 | D:7      | Identified a +0 morningstar
  5982 | D:7      | Identified +2 steam dragon scales
  5982 | D:7      | Noticed Maggie
  5989 | D:7      | Killed Maggie
  5990 | D:7      | Reached skill level 7 in Fighting
  5990 | D:7      | Reached XP level 10. HP: 81/91 MP: 10/10
  6218 | D:8      | Identified a -2 glaive
  6218 | D:8      | Identified a +0 animal skin
  6218 | D:8      | Noticed Grum
  6218 | D:8      | Identified a +0 battleaxe
  6218 | D:8      | Identified a +0 robe
  6218 | D:8      | Identified a +0 halberd
  6218 | D:8      | Identified a +0 robe
  6219 | D:8      | Identified a +0 dagger
  6219 | D:8      | Identified a +0 robe
  6219 | D:8      | Identified a +0 club
  6219 | D:8      | Identified a +0 chain mail
  6222 | D:8      | Identified a +0 dagger
  6224 | D:8      | Identified a +4 halberd
  6224 | D:8      | Identified a +0 robe
  6224 | D:8      | Identified a +3 scimitar
  6224 | D:8      | Identified a +0 robe
  6224 | D:8      | Identified a +0 mace
  6224 | D:8      | Identified a +0 robe
  6228 | D:8      | HP: 21/91 [Grum/-2 glaive (24)]
  6314 | D:8      | Identified a +0 orcbow
  6342 | D:8      | Identified a +3 trident of draining
  6342 | D:8      | Identified a +0 robe
  6342 | D:8      | Identified an orb of guile
  6342 | D:8      | Noticed Jeremiah
  6364 | D:8      | Identified a +0 dagger
  6364 | D:8      | Identified a +0 robe
  6379 | D:8      | Killed Jeremiah
  6380 | D:8      | Reached skill level 12 in Unarmed Combat
  6424 | D:8      | Identified a +0 short sword
  6436 | D:8      | Identified a +0 flail
  6436 | D:8      | Identified a +0 orcbow
  6436 | D:8      | Identified a +0 chain mail
  6436 | D:8      | Identified a +0 dagger
  6436 | D:8      | Identified a +0 robe
  6436 | D:8      | Identified a +0 ring mail
  6461 | D:8      | Identified a +0 hand axe
  6482 | D:8      | Killed Grum
  6498 | D:8      | Identified a +0 short sword
  6498 | D:8      | Identified a +0 leather armour
  6503 | D:8      | Identified a +0 whip
  6503 | D:8      | Identified a +0 leather armour
  6601 | D:8      | Identified a +3 dagger of distortion
  6601 | D:8      | Identified a +2 robe of willpower
  6601 | D:8      | Noticed Psyche
  6621 | D:8      | Killed Psyche
  6728 | D:8      | Identified a +5 dire flail
  6728 | D:8      | Identified a +0 robe
  6757 | D:8      | Identified a +0 dagger
  6757 | D:8      | Identified a +0 robe
  6758 | D:8      | Identified a +5 scimitar
  6758 | D:8      | Identified a +0 robe
  6852 | D:8      | Identified a +0 war axe
  6907 | D:8      | Identified a +0 dagger
  6907 | D:8      | Identified a +0 robe
  6916 | D:8      | Identified a +2 hat
  6918 | D:8      | Identified a +1 hat of willpower
  6926 | D:8      | Identified a scroll of poison
  6927 | D:8      | Identified a scroll of noise
  6928 | D:8      | Identified a scroll of fog
  7096 | D:8      | Identified a +0 leather armour
  7198 | D:9      | Reached skill level 1 in Armour
  7198 | D:9      | Reached skill level 13 in Unarmed Combat
  7199 | D:9      | Identified a +0 dagger
  7199 | D:9      | Identified a +0 chain mail
  7200 | D:9      | Identified a +0 club
  7201 | D:9      | Identified a +0 dagger
  7201 | D:9      | Identified a +0 robe
  7202 | D:9      | Identified a +0 dagger
  7202 | D:9      | Identified a +0 robe
  7202 | D:9      | Identified a +0 war axe
  7202 | D:9      | Identified a +0 leather armour
  7231 | D:9      | Identified a +0 dagger
  7231 | D:9      | Identified a +0 robe
  7231 | D:9      | Identified a +0 whip
  7231 | D:9      | Identified a +0 mace
  7233 | D:9      | Identified a +0 short sword
  7233 | D:9      | Identified a +0 leather armour
  7260 | D:9      | Found a flagged portal.
  7260 | D:9      | Identified a +0 hand axe
  7260 | D:9      | Identified a +0 hand axe
  7260 | D:9      | Identified a +0 hand axe
  7260 | D:9      | Identified a +0 hand axe
  7275 | Bailey   | Entered a bailey
  7303 | Bailey   | Identified a +0 hand axe
  7303 | Bailey   | Identified a +0 ring mail
  7303 | Bailey   | Identified a +0 hand axe
  7303 | Bailey   | Identified a +0 leather armour
  7303 | Bailey   | Identified a +4 battleaxe
  7303 | Bailey   | Identified a +0 chain mail
  7303 | Bailey   | Noticed an orc warlord
  7305 | Bailey   | Identified a +0 hand axe
  7305 | Bailey   | Identified a +0 leather armour
  7305 | Bailey   | Identified a +0 hand axe
  7305 | Bailey   | Identified a +0 leather armour
  7317 | Bailey   | Identified a +0 hand axe
  7317 | Bailey   | Identified a +0 leather armour
  7323 | Bailey   | Reached skill level 8 in Fighting
  7334 | Bailey   | Identified a +0 hand axe
  7334 | Bailey   | Identified a +0 leather armour
  7362 | Bailey   | Identified a +0 war axe
  7362 | Bailey   | Identified a +0 ring mail
  7368 | Bailey   | Identified a +0 war axe
  7368 | Bailey   | Identified a +0 scale mail
  7444 | Bailey   | Found a runed translucent gate.
  7446 | Bailey   | Found a runed translucent gate.
  7448 | Bailey   | Found a runed translucent gate.
  7455 | Bailey   | Identified a +0 hand axe
  7455 | Bailey   | Identified a +0 leather armour
  7455 | Bailey   | Identified a +0 war axe
  7455 | Bailey   | Identified a +0 chain mail
  7456 | Bailey   | Identified a +0 hand axe
  7456 | Bailey   | Identified a +0 ring mail
  7456 | Bailey   | Identified a +0 war axe
  7456 | Bailey   | Identified a +0 leather armour
  7459 | Bailey   | Identified a +0 hand axe
  7459 | Bailey   | Identified a +0 leather armour
  7494 | Bailey   | Identified a +0 hand axe
  7494 | Bailey   | Identified a +0 leather armour
  7500 | Bailey   | Identified a +0 hand axe
  7500 | Bailey   | Identified a +0 leather armour
  7517 | Bailey   | Identified a +0 hand axe
  7517 | Bailey   | Identified a +0 leather armour
  7554 | Bailey   | Identified 3 potions of cancellation
  7573 | Bailey   | Killed an orc warlord
  7574 | Bailey   | Reached skill level 1 in Throwing
  7574 | Bailey   | Reached skill level 2 in Armour
  7574 | Bailey   | Reached XP level 11. HP: 66/99 MP: 11/11
  7589 | Bailey   | Identified an amulet of regeneration
  7603 | Bailey   | Identified a +2 pair of gloves of strength
  7606 | Bailey   | Acquired the +8 kite shield of the Hidden Vale {Str+3}
  7636 | D:9      | Identified a +2 great sword
  7636 | D:9      | Identified a +0 robe
  7636 | D:9      | Identified a +3 flail
  7636 | D:9      | Identified a +0 robe
  7636 | D:9      | Identified a +3 flail
  7636 | D:9      | Identified a +0 robe
  7649 | D:9      | Reached skill level 1 in Evocations
  7651 | D:9      | Identified a +0 short sword
  7703 | D:9      | Identified a +0 flail
  7703 | D:9      | Identified a +0 plate armour
  7709 | D:9      | Identified a +0 dagger
  7709 | D:9      | Identified a +0 robe
  7711 | D:9      | Identified a +0 short sword
  7711 | D:9      | Identified a +0 ring mail
  7720 | D:9      | Identified a +0 trident
  7727 | D:9      | Identified a +0 orcbow
  7733 | D:9      | Identified a +0 dagger
  7733 | D:9      | Identified a +0 robe
  7737 | D:9      | Identified a +0 club
  7737 | D:9      | Identified a +0 ring mail
  7738 | D:9      | Identified a +0 whip
  7739 | D:9      | Identified a +0 dagger
  7739 | D:9      | Identified a +0 leather armour
  7760 | D:9      | Identified a ring of protection from cold
  7843 | D:9      | Identified a +0 dagger of electrocution
  8128 | D:9      | Reached skill level 1 in Shields
  8185 | D:9      | Reached skill level 2 in Throwing
  8346 | D:9      | Identified a +0 rapier
  8371 | D:10     | Entered Level 10 of the Dungeon
  8409 | D:10     | Reached *** piety under Hepliaklqana
  8448 | D:10     | Identified a +0 ring mail
  8507 | D:10     | Reached skill level 2 in Shields
  8515 | D:10     | Found a glowing silver altar of Zin.
  8583 | D:10     | Identified a +0 scimitar
  8583 | D:10     | Identified a +0 chain mail
  8583 | D:10     | Noticed Harold
  8585 | D:10     | Identified a +0 falchion
  8585 | D:10     | Identified a +0 dagger
  8585 | D:10     | Identified a +0 leather armour
  8586 | D:10     | Identified a +0 dagger
  8586 | D:10     | Identified a +0 robe
  8586 | D:10     | Identified a +0 mace
  8586 | D:10     | Identified a +0 ring mail
  8594 | D:10     | Killed Harold
  8604 | D:10     | Identified a +0 orcbow
  8690 | D:10     | Identified a +0 dire flail
  8749 | D:10     | Identified a scroll of enchant armour
  8942 | D:10     | Reached skill level 3 in Shields
  9024 | D:11     | Found a staircase to the Lair.
  9049 | D:11     | Identified a potion of magic
  9090 | D:11     | Found Levar's Antique Armour Emporium.
  9132 | D:11     | Reached skill level 3 in Armour
  9132 | D:11     | Reached skill level 2 in Evocations
  9233 | D:11     | Identified a scroll of silence
  9352 | D:11     | Identified a +0 giant club
  9352 | D:11     | Identified a +0 giant spiked club
  9352 | D:11     | Noticed a two-headed ogre
  9365 | D:11     | Killed a two-headed ogre
  9366 | D:11     | Reached skill level 3 in Throwing
  9366 | D:11     | Reached skill level 14 in Unarmed Combat
  9366 | D:11     | Remembered your ancestor Amurritum as a knight
  9366 | D:11     | Identified a +0 flail
  9366 | D:11     | Identified a +0 kite shield
  9457 | D:11     | Identified a +0 giant club
  9457 | D:11     | Identified a +0 giant club
  9457 | D:11     | Noticed a two-headed ogre
  9467 | D:11     | Killed a two-headed ogre
  9477 | D:11     | Noticed Snorg
  9490 | D:11     | HP: 25/101 [Snorg (20)]
  9490 | D:11     | Killed Snorg
  9491 | D:11     | Reached skill level 4 in Shields
  9541 | D:11     | Identified a +0 orcbow
  9541 | D:11     | Noticed a centaur warrior
  9550 | D:11     | Killed a centaur warrior
  9551 | D:11     | Reached XP level 12. HP: 70/109 MP: 12/12
  9560 | D:11     | Identified a +0 flail
  9560 | D:11     | Identified a +0 hand axe
  9560 | D:11     | Identified a +0 club
  9561 | D:11     | Identified a +0 dagger
  9561 | D:11     | Identified a +0 robe
  9561 | D:11     | Identified a +0 short sword
  9915 | D:12     | Identified the +4 trident "Etuyk" {freeze, Will++ MP+9
                  | Int+3 Stlth+}
  9928 | D:12     | Reached **** piety under Hepliaklqana
  9947 | D:12     | Identified a +0 robe of resistance
 10103 | D:12     | Identified a potion of haste
 10236 | D:12     | Found a staircase to the Orcish Mines.
 10431 | D:12     | You fall into a shaft and drop 1 floor!
 10512 | D:13     | Noticed snydleywhiplash's ghost (journeyman MiFi)
 10514 | D:13     | Found a transporter.
 10519 | D:13     | Found a transporter.
 10522 | D:13     | Identified a +0 ring mail
 10559 | D:13     | Identified a +1 long sword
 10559 | D:13     | Identified a +0 arbalest
 10559 | D:13     | Identified a +0 leather armour
 10559 | D:13     | Noticed a tengu warrior
 10581 | D:13     | Killed a tengu warrior
 10588 | D:13     | Identified a +0 mace
 10589 | D:13     | Identified a +0 mace
 10589 | D:13     | Identified a +0 leather armour
 10589 | D:13     | Noticed an ironbound preserver
 10590 | D:13     | Found a gate to the Vaults.
 10600 | D:13     | Identified a +4 battleaxe
 10600 | D:13     | Identified a +0 leather armour
 10600 | D:13     | Noticed a tengu warrior
 10615 | D:13     | Identified a +0 club
 10637 | D:13     | Identified a +0 flail
 10637 | D:13     | Identified a +0 kite shield
 10640 | D:13     | Killed an ironbound preserver
 10641 | D:13     | Reached skill level 5 in Shields
 10641 | D:13     | Reached skill level 3 in Evocations
 10646 | D:13     | Reached skill level 4 in Throwing
 10651 | D:13     | Reached skill level 4 in Armour
 10660 | D:13     | Killed a tengu warrior
 10663 | D:13     | Reached skill level 9 in Fighting
 10728 | D:13     | Identified a +0 flail
 10728 | D:13     | Identified a +0 kite shield
 10737 | D:13     | Identified a +0 battleaxe
 10737 | D:13     | Identified a +0 leather armour
 10737 | D:13     | Noticed a tengu warrior
 10749 | D:13     | Killed a tengu warrior
 10873 | D:13     | Identified a scroll of torment
 10896 | D:13     | Identified a +0 scimitar
 10902 | D:13     | Identified a +0 dire flail
 10907 | D:13     | Identified a +0 hand axe
 10920 | D:13     | Reached skill level 6 in Shields
 10943 | D:13     | Found a frozen archway.
 10948 | D:13     | Noticed an ice dragon
 10978 | D:13     | Killed an ice dragon
 10979 | D:13     | Reached skill level 15 in Unarmed Combat
 10992 | IceCv    | Entered an ice cave
 11031 | IceCv    | Noticed a death yak
 11032 | IceCv    | Noticed a death yak
 11032 | IceCv    | Noticed a death yak
 11043 | IceCv    | Killed a death yak
 11046 | IceCv    | Killed a death yak
 11047 | IceCv    | Reached XP level 13. HP: 50/117 MP: 13/13
 11056 | IceCv    | Reached skill level 5 in Throwing
 11084 | IceCv    | Identified a potion of enlightenment
 11085 | IceCv    | Identified a +0 pair of gloves
 11210 | IceCv    | Reached ***** piety under Hepliaklqana
 11214 | IceCv    | Reached skill level 4 in Evocations
 11231 | IceCv    | Reached skill level 7 in Shields
 11266 | IceCv    | Reached skill level 5 in Armour
 11375 | IceCv    | Identified a +1 leather armour of resistance
 11411 | IceCv    | Identified a +0 ring mail
 11411 | IceCv    | Identified a +0 scale mail
 11484 | IceCv    | Identified a +0 flail
 11484 | IceCv    | Identified a +0 kite shield
 11489 | IceCv    | Identified a +0 dagger of freezing
 11492 | IceCv    | Identified a +1 arbalest of freezing
 11493 | IceCv    | Identified a +1 plate armour of cold resistance
 11494 | IceCv    | Identified the ring of the Failed Coup {Ice ^Drain rCorr
                  | Int+4 Dex+3}
 11699 | D:13     | Identified a +0 scale mail
 11765 | D:13     | Identified a +0 heavy hand axe
 11765 | D:13     | Identified a +0 leather armour
 12090 | D:13     | Identified a +0 flail
 12090 | D:13     | Identified a +0 kite shield
 12130 | D:14     | Identified a +0 short sword
 12131 | D:14     | Identified a +0 glaive
 12131 | D:14     | Identified a +0 chain mail
 12188 | D:13     | Identified a +0 flail
 12188 | D:13     | Identified a +0 kite shield
 12227 | D:14     | Acquired the ring "Socziygg" {Will+ AC+4 Dex+4}
 12319 | D:14     | Identified a +0 mace
 12351 | D:14     | Identified a +0 orcbow
 12397 | D:14     | Identified a +0 flail
 12397 | D:14     | Identified a +0 kite shield
 12411 | D:14     | Reached skill level 8 in Shields
 12478 | D:14     | Identified a +0 flail
 12478 | D:14     | Identified a +0 kite shield
 12578 | D:14     | Reached skill level 6 in Throwing
 12672 | D:14     | Identified a +0 shortbow
 12672 | D:14     | Identified the +0 robe of Somewhere Else {Int+3 Slay+2}
 12702 | D:14     | Identified a +0 orcbow
 12702 | D:14     | Identified an amulet of magic regeneration
 12723 | D:14     | Reached skill level 16 in Unarmed Combat
 12723 | D:14     | Reached XP level 14. HP: 111/126 MP: 14/14
 12778 | D:14     | Reached skill level 10 in Fighting
 12780 | D:14     | Identified a +0 flail
 12780 | D:14     | Identified a +0 kite shield
 13083 | D:14     | Identified a +0 shortbow
 13144 | D:15     | Entered Level 15 of the Dungeon
 13225 | D:15     | Identified a +0 flail
 13225 | D:15     | Identified a +0 kite shield
 13301 | D:15     | Reached skill level 5 in Evocations
 13393 | D:15     | Noticed a purple very ugly thing
 13404 | D:15     | Killed a purple very ugly thing
 13405 | D:15     | Reached skill level 6 in Armour
 13523 | D:15     | Identified a +0 rapier
 13523 | D:15     | Identified a +0 leather armour
 13556 | D:15     | Reached skill level 9 in Shields
 13610 | D:15     | Identified a +0 flail
 13610 | D:15     | Identified a +0 kite shield
 13672 | D:15     | Identified a +0 flail
 13672 | D:15     | Identified a +0 kite shield
 13813 | D:15     | Found a staircase to the Depths.
 13823 | D:15     | Identified a +0 long sword
 13835 | D:15     | Identified a +0 robe
 13840 | D:15     | Identified a +0 leather armour
 13897 | D:15     | Identified a +0 plate armour
 13984 | D:15     | Identified a +0 robe
 13997 | D:15     | Noticed Roxanne
 14017 | D:15     | Killed Roxanne
 15011 | Orc:1    | Entered Level 1 of the Orcish Mines
 15011 | Orc:1    | Identified a +0 scimitar
 15011 | Orc:1    | Identified a +0 chain mail
 15011 | Orc:1    | Identified a +0 short sword
 15011 | Orc:1    | Identified a +0 leather armour
 15011 | Orc:1    | Identified a +0 dagger
 15011 | Orc:1    | Identified a +0 giant club
 15012 | Orc:1    | Identified a +0 dagger
 15012 | Orc:1    | Identified a +0 leather armour
 15019 | Orc:1    | Identified a +0 giant spiked club
 15038 | Orc:1    | Identified a +0 dagger
 15038 | Orc:1    | Identified a +0 robe
 15038 | Orc:1    | Identified a +0 long sword
 15038 | Orc:1    | Identified a +0 plate armour
 15040 | Orc:1    | Identified a +0 arbalest
 15041 | Orc:1    | Identified a +0 dagger
 15041 | Orc:1    | Identified a +0 robe
 15190 | Orc:1    | Identified a +0 dagger
 15190 | Orc:1    | Identified a +2 robe
 15248 | Orc:1    | Identified a +0 short sword
 15248 | Orc:1    | Identified a +2 chain mail of fire resistance
 15248 | Orc:1    | Identified a +0 hand axe
 15248 | Orc:1    | Identified a +0 falchion
 15251 | Orc:1    | Identified a +0 short sword
 15251 | Orc:1    | Identified a +0 chain mail
 15255 | Orc:1    | Identified a +0 mace
 15255 | Orc:1    | Identified a +0 ring mail
 15256 | Orc:1    | Identified a +2 dagger of speed
 15256 | Orc:1    | Identified a +0 robe
 15257 | Orc:1    | Identified a +0 falchion
 15257 | Orc:1    | Identified a +0 ring mail
 15350 | Orc:2    | Entered Level 2 of the Orcish Mines
 15361 | Orc:2    | Found a staircase to the Elven Halls.
 15441 | Orc:2    | Reached ****** piety under Hepliaklqana
 15443 | Orc:2    | Identified a +0 dire flail
 15443 | Orc:2    | Identified a +0 dire flail
 15586 | Orc:2    | Identified a +0 short sword
 15586 | Orc:2    | Identified a +0 trident
 15586 | Orc:2    | Identified a +0 plate armour
 15587 | Orc:2    | Identified a +0 dagger
 15587 | Orc:2    | Identified a +0 leather armour
 15592 | Orc:2    | Identified a +0 short sword
 15593 | Orc:2    | Identified a +0 club
 15593 | Orc:2    | Identified a +0 ring mail
 15593 | Orc:2    | Identified a +0 dagger
 15593 | Orc:2    | Identified a +3 scale mail
 15610 | Orc:2    | Identified a +0 giant spiked club
 15869 | Orc:2    | Identified a +0 dagger
 15869 | Orc:2    | Identified a +2 robe of fire resistance
 15906 | Orc:2    | Identified a +0 flail
 15906 | Orc:2    | Identified a +0 plate armour
 15906 | Orc:2    | Identified a +0 hand axe
 15906 | Orc:2    | Identified a +0 scale mail
 15906 | Orc:2    | Identified a +0 war axe
 15906 | Orc:2    | Identified a +0 leather armour
 15918 | Orc:2    | Identified a +0 dire flail
 15918 | Orc:2    | Identified a +0 chain mail
 15922 | Orc:2    | Identified a +0 dagger
 15922 | Orc:2    | Identified a +0 robe
 15922 | Orc:2    | Identified a +0 flail
 15922 | Orc:2    | Identified a +0 ring mail
 15925 | Orc:2    | Identified a +0 war axe
 15925 | Orc:2    | Identified a +0 chain mail
 15929 | Orc:2    | Identified a +0 war axe
 15929 | Orc:2    | Identified a +0 ring mail
 15937 | Orc:2    | Identified a +0 flail
 15937 | Orc:2    | Identified a +1 short sword of draining
 15955 | Orc:2    | Identified a +1 whip of pain
 15955 | Orc:2    | Identified a +0 club
 15973 | Orc:2    | Identified a +0 broad axe
 15973 | Orc:2    | Identified a +0 arbalest
 15973 | Orc:2    | Identified a +0 chain mail
 15989 | Orc:2    | Identified a +0 club
 15989 | Orc:2    | Identified a +0 scale mail
 15990 | Orc:2    | Identified a +0 glaive
 15990 | Orc:2    | Identified a +0 plate armour
 15990 | Orc:2    | Identified a +0 trident
 15990 | Orc:2    | Identified a +0 chain mail
 15991 | Orc:2    | Identified a +0 scimitar
 15991 | Orc:2    | Identified a +0 plate armour
 15991 | Orc:2    | Identified a +0 hand axe
 15991 | Orc:2    | Identified a +0 chain mail
 15992 | Orc:2    | Identified a +0 club
 15993 | Orc:2    | Identified a +0 short sword
 15993 | Orc:2    | Identified a +0 chain mail
 16045 | Orc:2    | Identified a +0 flail
 16045 | Orc:2    | Identified a +0 kite shield
 16048 | Orc:2    | Identified a +4 mace
 16048 | Orc:2    | Identified a +0 orcbow
 16048 | Orc:2    | Identified a +0 chain mail
 16064 | Orc:2    | Identified a +0 glaive
 16064 | Orc:2    | Identified a +0 chain mail
 16064 | Orc:2    | Identified a +0 falchion
 16064 | Orc:2    | Identified a +0 mace
 16064 | Orc:2    | Identified a +0 chain mail
 16065 | Orc:2    | Identified a +0 mace
 16065 | Orc:2    | Identified a +0 orcbow
 16065 | Orc:2    | Identified a +0 scimitar
 16065 | Orc:2    | Identified a +0 plate armour
 16065 | Orc:2    | Identified a +0 arbalest
 16065 | Orc:2    | Identified a +0 battleaxe
 16065 | Orc:2    | Identified a +0 chain mail
 16092 | Orc:2    | Found a runed translucent door.
 16093 | Orc:2    | Identified a +0 short sword
 16093 | Orc:2    | Identified a +0 plate armour
 16093 | Orc:2    | Noticed Taul's ghost (journeyman MiFi)
 16117 | Orc:2    | Killed Taul's ghost
 16118 | Orc:2    | Reached skill level 7 in Throwing
 16195 | Orc:2    | Identified a +0 dagger
 16195 | Orc:2    | Identified a +0 robe of fire resistance
 16196 | Orc:2    | Identified a +0 war axe
 16196 | Orc:2    | Identified a +0 plate armour
 16207 | Orc:2    | Identified a +2 trident of venom
 16208 | Orc:2    | Identified a +0 flail
 16208 | Orc:2    | Identified a +0 plate armour
 16216 | Orc:2    | Identified a +0 mace
 16216 | Orc:2    | Identified a +0 leather armour
 16218 | Orc:2    | Found Ugguelir's General Store.
 16218 | Orc:2    | Identified a +0 hand axe
 16227 | Orc:2    | Found Leus Rui's General Store.
 16227 | Orc:2    | Identified a +0 whip
 16227 | Orc:2    | Identified a +0 halberd
 16227 | Orc:2    | Identified a +0 chain mail
 16227 | Orc:2    | Identified a +0 club
 16228 | Orc:2    | Identified a +0 whip
 16228 | Orc:2    | Identified a +0 short sword
 16228 | Orc:2    | Identified a +0 plate armour
 16244 | Orc:2    | HP: 28/129 [orc warrior/+0 halberd (13)]
 16282 | Orc:2    | Identified a +0 flail
 16282 | Orc:2    | Identified a +0 kite shield
 16309 | Orc:2    | Identified a +0 trident
 16309 | Orc:2    | Identified a +0 chain mail
 16309 | Orc:2    | Identified a +0 dagger
 16309 | Orc:2    | Identified a +2 robe of resistance
 16309 | Orc:2    | Identified a +3 battleaxe
 16309 | Orc:2    | Identified a +0 arbalest
 16309 | Orc:2    | Identified a +0 chain mail
 16310 | Orc:2    | Identified a +0 hand axe
 16311 | Orc:2    | Identified a +0 morningstar
 16311 | Orc:2    | Identified a +0 ring mail
 16330 | Orc:2    | Identified a +0 battleaxe
 16330 | Orc:2    | Identified a +0 chain mail
 16338 | Orc:2    | Identified a +0 dagger
 16338 | Orc:2    | Identified a +2 robe of positive energy
 16338 | Orc:2    | Identified a +0 vampiric hand axe
 16347 | Orc:2    | Identified a +0 war axe
 16347 | Orc:2    | Identified a +0 ring mail
 16347 | Orc:2    | Identified a +0 dagger
 16347 | Orc:2    | Identified a +0 robe
 16347 | Orc:2    | Identified a +0 war axe
 16347 | Orc:2    | Identified a +0 arbalest
 16347 | Orc:2    | Identified a +0 chain mail
 16348 | Orc:2    | Identified a +2 antimagic trident
 16348 | Orc:2    | Identified a +0 ring mail
 16389 | Orc:2    | Bought a potion of heal wounds for 70 gold pieces
 16389 | Orc:2    | Bought a potion of ambrosia for 112 gold pieces
 16389 | Orc:2    | Bought a potion of heal wounds for 70 gold pieces
 16404 | Orc:2    | Identified a +0 hand axe
 16404 | Orc:2    | Identified a +0 dagger
 16404 | Orc:2    | Identified a +0 robe
 16404 | Orc:2    | Identified a +0 dagger
 16404 | Orc:2    | Identified a +1 robe
 16404 | Orc:2    | Identified a +0 dagger
 16404 | Orc:2    | Identified a +0 robe
 16404 | Orc:2    | Identified a +0 dire flail
 16404 | Orc:2    | Identified a +0 arbalest
 16404 | Orc:2    | Identified a +0 dagger
 16404 | Orc:2    | Identified a +0 hand axe
 16404 | Orc:2    | Identified a +0 ring mail
 16407 | Orc:2    | Identified a +0 flail
 16409 | Orc:2    | Identified a +0 trident
 16447 | Orc:2    | Reached skill level 10 in Shields
 16447 | Orc:2    | Reached XP level 15. HP: 75/136 MP: 15/15
 16786 | Orc:2    | Identified a +0 dire flail
 16791 | Orc:2    | Found Xydel's Antique Armour Shoppe.
 16791 | Orc:2    | Found Mivob's Book Emporium.
 16791 | Orc:2    | Identified a +0 trident
 16792 | Orc:2    | Found a one-way gate leading to the halls of Pandemonium.
 16796 | Orc:2    | Identified a +0 trident
 16801 | Orc:2    | Bought a distressingly furry cloak for 218 gold pieces
 16801 | Orc:2    | Identified the +2 cloak "Weh Wokh" {rPois Dex+2} (You
                  | bought it in a shop on level 2 of the Orcish Mines)
 17000 | Lair:1   | Entered Level 1 of the Lair of Beasts
 17191 | Lair:1   | Reached skill level 17 in Unarmed Combat
 18326 | Lair:2   | Identified a ring of poison resistance
 18725 | Lair:3   | Reached skill level 6 in Evocations
 19074 | Lair:3   | Reached skill level 7 in Armour
 19074 | Lair:3   | Identified a scroll of enchant weapon
 19166 | Lair:3   | Found a staircase to the Snake Pit.
 19308 | Lair:3   | Found a staircase to the Swamp.
 19365 | Lair:3   | Identified a +0 rapier
 19613 | Lair:4   | Identified a +0 chain mail
 19622 | Lair:4   | Identified a potion of resistance
 20445 | Lair:5   | Entered Level 5 of the Lair of Beasts
 20465 | Lair:5   | Reached skill level 8 in Throwing
 20478 | Lair:5   | Reached skill level 11 in Shields
 20533 | Lair:5   | Found a viscous altar of Jiyva.
 20533 | Lair:5   | Found a staircase to the Slime Pits.
 20649 | Lair:5   | Reached skill level 2 in Dodging
 20674 | Lair:5   | Reached skill level 11 in Fighting
 20829 | Lair:5   | Identified a +0 ring mail
 21118 | Lair:5   | Identified a +0 dire flail
 21131 | Lair:5   | Identified +0 steam dragon scales
 21144 | Lair:5   | Identified a +0 mace
 21189 | Lair:5   | Found a large runed translucent door.
 21190 | Lair:5   | Found a large runed translucent door.
 21255 | Lair:5   | Reached XP level 16. HP: 145/145 MP: 16/16
 21293 | Lair:5   | Identified a +0 morningstar
 21514 | Snake:1  | Entered Level 1 of the Snake Pit
 21554 | Snake:1  | Identified a +0 war axe
 21578 | Snake:1  | Identified a +0 long sword
 21625 | Snake:1  | Identified a +0 scimitar
 21625 | Snake:1  | Identified a +0 robe
 21625 | Snake:1  | Identified a +3 trident
 21626 | Snake:1  | Identified a +0 hand axe
 21639 | Snake:1  | Reached skill level 18 in Unarmed Combat
 21650 | Snake:1  | HP: 36/145 [naga warrior/+0 hand axe (14)]
 21652 | Snake:1  | Reached skill level 3 in Dodging
 21729 | Snake:1  | Identified a +0 glaive
 21729 | Snake:1  | Identified a +0 robe
 21764 | Snake:1  | Identified a +1 falchion of electrocution
 21815 | Snake:1  | Identified a +0 trident
 21815 | Snake:1  | Identified a +0 robe
 21815 | Snake:1  | Identified a +0 kite shield
 21874 | Snake:1  | Identified a +2 battleaxe of holy wrath
 21947 | Snake:1  | Identified a +0 quarterstaff
 22114 | Snake:1  | Identified a +0 hand axe
 22114 | Snake:1  | Identified a +0 trident
 22117 | Snake:1  | Identified a +0 trident
 22178 | Snake:1  | Identified a +0 short sword
 22178 | Snake:1  | Identified a +0 robe
 22203 | Snake:1  | Identified a +0 trident
 22203 | Snake:1  | Identified a +0 robe
 22425 | Snake:1  | Found Ciampit's Magic Scroll Boutique.
 22425 | Snake:1  | Identified a +0 scimitar
 22433 | Snake:1  | Reached skill level 4 in Dodging
 22444 | Snake:1  | Bought a scroll of teleportation for 33 gold pieces
 22444 | Snake:1  | Bought a scroll of teleportation for 33 gold pieces
 22444 | Snake:1  | Bought a scroll of fog for 44 gold pieces
 22669 | Snake:2  | Identified a +0 quarterstaff
 22669 | Snake:2  | Identified a +0 robe
 22669 | Snake:2  | Identified a +0 halberd
 22670 | Snake:2  | Identified a +0 trident
 22671 | Snake:2  | Identified a +0 shortbow of flaming
 22716 | Snake:2  | Noticed wjtupper's ghost (adept MiHu)
 22717 | Snake:2  | Found a runed translucent door.
 22753 | Snake:2  | Identified a +0 spear
 22753 | Snake:2  | Identified a +0 robe
 22755 | Snake:2  | Identified a +0 glaive
 22767 | Snake:2  | Reached skill level 1 in Invocations
 22816 | Snake:2  | Identified a +0 spear
 22816 | Snake:2  | Identified a +0 robe
 22821 | Snake:2  | Found Meas's Antique Weapon Emporium.
 22828 | Snake:2  | Reached skill level 8 in Armour
 22902 | Snake:2  | Identified a +0 spear
 22907 | Snake:2  | Identified a scroll of butterflies
 22944 | Snake:2  | Identified a +0 trident
 22945 | Snake:2  | Identified a +0 mace
 22946 | Snake:2  | Identified a +0 whip
 22946 | Snake:2  | Identified a +0 broad axe
 22946 | Snake:2  | Identified a +0 robe
 22946 | Snake:2  | Identified a +0 spear
 22946 | Snake:2  | Identified a +0 robe
 23039 | Snake:2  | Identified a +0 club
 23108 | Snake:2  | Identified a +2 halberd
 23199 | Snake:2  | Identified a +1 short sword of draining
 23199 | Snake:2  | Identified a +0 robe
 23281 | Snake:2  | Found Xume's Weapon Shop.
 23283 | Snake:2  | Found Caownab's Armour Boutique.
 23283 | Snake:2  | Found Qophiyca's Antique Armour Shop.
 23284 | Snake:2  | Identified a +0 short sword
 23284 | Snake:2  | Identified a +0 robe
 23284 | Snake:2  | Identified an orb of guile
 23286 | Snake:2  | Found Ziall's Weapon Boutique.
 23287 | Snake:2  | Identified a +0 vampiric halberd
 23301 | Snake:2  | Bought a runed cloak for 210 gold pieces
 23301 | Snake:2  | Identified a +1 cloak of willpower (You bought it in a shop
                  | on level 2 of the Snake Pit)
 23341 | Snake:2  | Identified a +0 dire flail
 23341 | Snake:2  | Identified a +0 shortbow
 23341 | Snake:2  | Identified a +0 robe
 23342 | Snake:2  | Identified a +0 club
 23342 | Snake:2  | Identified a +0 dagger
 23342 | Snake:2  | Identified a +0 robe
 23349 | Snake:2  | Reached skill level 2 in Invocations
 23352 | Snake:2  | Reached skill level 9 in Throwing
 23441 | Snake:2  | Identified a +0 trident
 23491 | Snake:2  | You fall into a shaft and drop 1 floor!
 23491 | Snake:3  | Identified a +0 whip
 23491 | Snake:3  | Identified a +0 robe
 23496 | Snake:3  | Identified a +0 halberd
 23497 | Snake:3  | Identified a +0 spear
 23515 | Snake:3  | Identified a +0 flail
 23520 | Snake:3  | Identified a +0 halberd
 23533 | Snake:3  | Identified a +0 shortbow of flaming
 23534 | Snake:3  | Identified a +0 halberd
 23534 | Snake:3  | Identified a +0 spear
 23569 | Snake:3  | Identified a +3 great sword
 23587 | Snake:3  | Identified a +0 whip
 23617 | Snake:3  | Identified a +0 quarterstaff
 23617 | Snake:3  | Identified a +0 robe
 23618 | Snake:3  | Identified a +2 shortbow of flaming
 23621 | Snake:3  | Identified a +0 spear
 23643 | Snake:3  | Reached skill level 19 in Unarmed Combat
 23709 | Snake:3  | Identified a +0 broad axe
 23730 | Snake:3  | Identified a +0 dagger
 23730 | Snake:3  | Identified a +0 robe
 23731 | Snake:3  | Identified a +0 halberd
 23779 | Snake:3  | Identified a +0 short sword
 23779 | Snake:3  | Identified a +0 robe
 23784 | Snake:3  | Reached skill level 3 in Invocations
 23812 | Snake:3  | Identified a +0 shortbow of flaming
 23812 | Snake:3  | Identified a +0 spear
 23813 | Snake:3  | Identified a +0 glaive of venom
 23817 | Snake:3  | Identified a +0 short sword
 23817 | Snake:3  | Identified a +0 robe
 23825 | Snake:3  | Reached XP level 17. HP: 135/153 MP: 18/18
 23885 | Snake:3  | Identified a +0 spear
 23894 | Snake:3  | Identified a +0 short sword
 23894 | Snake:3  | Identified a +0 robe
 23897 | Snake:3  | Identified a +0 glaive
 23897 | Snake:3  | Identified a +0 robe
 23898 | Snake:3  | Identified a +0 flail
 23898 | Snake:3  | Identified a +0 glaive
 23898 | Snake:3  | Identified a +0 battleaxe
 23899 | Snake:3  | Identified a +0 flail
 23899 | Snake:3  | Identified a +0 shortbow
 23899 | Snake:3  | Identified a +0 robe
 23903 | Snake:3  | Identified a +1 hand axe of flaming
 23903 | Snake:3  | Identified a +0 mace
 23903 | Snake:3  | Identified a +0 short sword
 23903 | Snake:3  | Identified a +0 arbalest
 23909 | Snake:3  | Identified a +0 glaive
 23913 | Snake:3  | Identified a +0 glaive
 23913 | Snake:3  | Identified a +0 robe
 23913 | Snake:3  | Identified a +0 war axe
 23913 | Snake:3  | Identified a +0 shortbow
 23914 | Snake:3  | Identified a +0 hand axe
 23916 | Snake:3  | Identified a +4 mace of protection
 23916 | Snake:3  | Identified a +0 robe
 23916 | Snake:3  | Identified a +0 glaive
 23916 | Snake:3  | Identified a +0 dire flail
 23916 | Snake:3  | Identified a +0 robe
 23916 | Snake:3  | Identified a +0 war axe
 23916 | Snake:3  | Identified a +0 shortbow
 23916 | Snake:3  | Identified a +0 robe
 23925 | Snake:3  | HP: 25/154 [naga sharpshooter/bolt (19)]
 23926 | Snake:3  | HP: 5/154 [naga sharpshooter/bolt (22)]
 23927 | Snake:3  | Identified a +0 glaive
 23927 | Snake:3  | Identified a +0 arbalest
 23931 | Snake:3  | Identified a +0 long sword
 23949 | Snake:3  | Identified a +0 scimitar
 23992 | Snake:3  | Identified a +0 short sword
 23992 | Snake:3  | Identified a +0 robe
 24003 | Snake:3  | Identified a +0 broad axe of flaming
 24003 | Snake:3  | Identified a +0 kite shield
 24114 | Snake:3  | Identified a +0 glaive
 24114 | Snake:3  | Identified a +0 robe
 24162 | Snake:3  | Identified a +0 flail
 24162 | Snake:3  | Identified a +0 robe
 24511 | Snake:3  | Identified a +0 glaive
 24516 | Snake:3  | Identified a +0 halberd
 24517 | Snake:3  | Identified a +0 trident
 24517 | Snake:3  | Identified a +0 scimitar
 24517 | Snake:3  | Identified a +0 robe
 24764 | Snake:3  | Identified a +0 mace
 24925 | Snake:4  | Entered Level 4 of the Snake Pit
 24927 | Snake:4  | Identified a +0 flail
 24928 | Snake:4  | Identified a +0 short sword
 24928 | Snake:4  | Identified a +0 robe
 24945 | Snake:4  | Reached skill level 9 in Armour
 25070 | Snake:4  | Identified a +0 trident
 25072 | Snake:4  | Identified a +0 quarterstaff
 25072 | Snake:4  | Identified a +0 robe
 25073 | Snake:4  | Identified a +0 flail
 25075 | Snake:4  | Identified a +0 trident
 25078 | Snake:4  | Identified a +0 flail
 25081 | Snake:4  | Identified a +0 long sword
 25081 | Snake:4  | Identified a +0 robe
 25085 | Snake:4  | Identified a +0 short sword
 25085 | Snake:4  | Identified a +0 arbalest
 25085 | Snake:4  | Identified a +0 robe
 25085 | Snake:4  | Identified a +0 flail
 25087 | Snake:4  | Identified a +0 scimitar
 25087 | Snake:4  | Identified a +1 shortbow of flaming
 25112 | Snake:4  | Identified a +0 mace
 25112 | Snake:4  | Identified a +0 arbalest
 25112 | Snake:4  | Identified a +0 robe
 25114 | Snake:4  | Identified a +0 flail
 25116 | Snake:4  | Identified a +0 dagger
 25116 | Snake:4  | Identified a +0 robe
 25117 | Snake:4  | Identified a +0 mace
 25117 | Snake:4  | Identified a +0 robe
 25120 | Snake:4  | Identified a +0 heavy battleaxe
 25120 | Snake:4  | Identified a +0 robe
 25120 | Snake:4  | Identified a +0 mace
 25121 | Snake:4  | Identified a +0 trident
 25162 | Snake:3  | Identified a +0 broad axe of flaming
 25162 | Snake:3  | Identified a +0 kite shield
 25223 | Snake:4  | Reached skill level 4 in Invocations
 25226 | Snake:4  | Reached skill level 7 in Evocations
 25233 | Snake:4  | Identified a +0 war axe
 25241 | Snake:4  | Identified a +0 trident
 25241 | Snake:4  | Identified a +0 robe
 25242 | Snake:4  | Identified a +0 mace
 25246 | Snake:4  | Identified a +0 long sword
 25247 | Snake:4  | Identified a +0 quarterstaff
 25247 | Snake:4  | Identified a +0 robe
 25250 | Snake:4  | Identified a +0 flail
 25250 | Snake:4  | Identified a +0 robe
 25253 | Snake:4  | Identified a +0 glaive
 25253 | Snake:4  | Identified a +0 robe
 25324 | Snake:4  | Found Zafo's Antique Weapon Shop.
 25333 | Snake:4  | Identified a +0 glaive
 25333 | Snake:4  | Identified a +0 robe
 25335 | Snake:4  | Identified a +0 mace
 25335 | Snake:4  | Identified a +0 scimitar
 25336 | Snake:4  | Identified a +0 battleaxe
 25336 | Snake:4  | Identified a +0 shortbow of flaming
 25418 | Snake:4  | Identified a +0 broad axe of flaming
 25418 | Snake:4  | Identified a +0 kite shield
 25459 | Snake:4  | Identified a +0 shortbow of flaming
 25474 | Snake:4  | Identified a +0 heavy trident
 25476 | Snake:4  | Identified a +4 trident
 25476 | Snake:4  | Identified a +0 halberd
 25476 | Snake:4  | Identified a +0 robe
 25477 | Snake:4  | Identified a +0 quarterstaff
 25477 | Snake:4  | Identified a +0 robe
 25478 | Snake:4  | Identified a +1 vampiric spear
 25478 | Snake:4  | Identified a +0 war axe
 25478 | Snake:4  | Identified a +0 halberd
 25478 | Snake:4  | Identified a +0 robe
 25480 | Snake:4  | Identified a +0 dire flail
 25480 | Snake:4  | Identified a +0 robe
 25481 | Snake:4  | Identified a +0 war axe
 25483 | Snake:4  | Identified the +8 trident of the Weasel {freeze, rPois}
 25483 | Snake:4  | Identified a +0 robe
 25483 | Snake:4  | Identified a +3 spear
 25486 | Snake:4  | Identified a +0 long sword
 25486 | Snake:4  | Identified a +0 robe
 25488 | Snake:4  | Identified a +0 short sword
 25488 | Snake:4  | Identified a +0 shortbow
 25528 | Snake:3  | Identified a +0 broad axe of flaming
 25528 | Snake:3  | Identified a +0 kite shield
 25622 | Snake:4  | Identified a +0 club
 25749 | Snake:4  | Reached skill level 12 in Fighting
 25950 | Snake:4  | Identified a +0 long sword
 25957 | Snake:4  | Identified a +0 glaive
 25973 | Snake:4  | Identified a +0 mace
 25973 | Snake:4  | Identified a +0 robe
 25973 | Snake:4  | Identified a +0 scimitar
 25993 | Snake:4  | Identified a +0 quarterstaff of draining
 25993 | Snake:4  | Identified a +0 robe
 25996 | Snake:4  | Identified a +0 mace
 25996 | Snake:4  | Identified a +0 dire flail
 25996 | Snake:4  | Identified a +0 robe
 25996 | Snake:4  | Identified a +0 long sword
 25996 | Snake:4  | Identified a +0 shortbow
 25996 | Snake:4  | Identified a +0 robe
 26000 | Snake:4  | Identified a +0 flail
 26000 | Snake:4  | Identified a +0 shortbow
 26000 | Snake:4  | Identified a +0 robe
 26008 | Snake:4  | Identified a +0 flail
 26008 | Snake:4  | Identified a +0 robe
 26181 | Snake:4  | Identified a +0 spear
 26181 | Snake:4  | Identified a +0 robe
 26181 | Snake:4  | Identified a +0 spectral demon blade
 26181 | Snake:4  | Identified a +2 chain mail of cold resistance
 26181 | Snake:4  | Identified a +2 kite shield
 26181 | Snake:4  | Noticed Asterion
 26181 | Snake:4  | Identified a +1 shortbow of flaming
 26214 | Snake:4  | HP: 38/154 [+0 spectral demon blade[Asterion] (11)]
 26218 | Snake:4  | Gained mutation: You are vulnerable to cold. (rC-) [a
                  | cacodemon]
 26221 | Snake:4  | Killed from afar by Asterion

Table legend: (Time is in decaauts)
 A = Elapsed time spent in this place.
 B = Non-inter-level travel time spent in this place.
 C = Inter-level travel time spent in this place.
 D = Time resting spent in this place.
 E = Time spent auto-exploring this place.
 F = Levels seen in this place.
 G = Mean time per level.
                   A        B        C        D        E       F      G
               +--------+--------+--------+--------+--------+-----+--------+
         Total |  25737 |  23067 |   2670 |   1175 |  15647 |  30 |  857.9 |
       Dungeon |  13788 |  11666 |   2122 |    651 |   8232 |  15 |  919.2 |
        Temple |     45 |      1 |     44 |      0 |      0 |   1 |   45.0 |
          Lair |   4432 |   4171 |    261 |      0 |   3425 |   5 |  886.4 |
     Snake Pit |   4526 |   4427 |     99 |    416 |   2674 |   4 | 1131.5 |
  Orcish Mines |   1832 |   1690 |    142 |     36 |   1024 |   2 |  916.0 |
         Sewer |    216 |    216 |      0 |     10 |    102 |   1 |  216.0 |
        Bailey |    330 |    330 |      0 |     13 |      0 |   1 |  330.0 |
      Ice Cave |    564 |    564 |      0 |     48 |    190 |   1 |  564.0 |
               +--------+--------+--------+--------+--------+-----+--------+

Top non-repeatable levels by time:
    D:15: 1802 daAuts
 Snake:3: 1475 daAuts
   Orc:2: 1317 daAuts
     D:7: 1181 daAuts
    D:13: 1158 daAuts
 Snake:4: 1140 daAuts
 Snake:1: 1108 daAuts
  Lair:4: 1024 daAuts
  Lair:5: 1021 daAuts
     D:1: 992 daAuts
    D:14: 982 daAuts
     D:4: 928 daAuts
     D:8: 892 daAuts
     D:2: 870 daAuts
  Lair:1: 861 daAuts

Table legend:
 A = Kills in this place as a percentage of kills in the entire game.
 B = Kills by you in this place as a percentage of kills by you in the entire game.
 C = Kills by friends in this place as a percentage of kills by friends in the entire game.
 D = Other kills in this place as a percentage of other kills in the entire game.
 E = Experience gained in this place as a percentage of experience gained in the entire game.
 F = Experience gained in this place divided by the number of levels of this place that you have seen.
                   A       B       C       D       E      F
               +-------+-------+-------+-------+-------+----------------------
         Total | 100.0 | 100.0 | 100.0 | 100.0 | 100.0 | 9422.8
       Dungeon |  38.2 |  42.2 |  16.3 |   0.0 |  23.5 | 4431.4
          Lair |  17.8 |  16.8 |  23.4 |   0.0 |  17.9 | 10116.4
     Snake Pit |  24.7 |  21.7 |  40.4 | 100.0 |  44.6 | 31541.0
  Orcish Mines |  10.5 |   9.7 |  15.6 |   0.0 |   8.2 | 11631.5
         Sewer |   0.5 |   0.6 |   0.0 |   0.0 |   0.1 | 331.0
        Bailey |   2.9 |   3.0 |   2.1 |   0.0 |   0.7 | 1876.0
      Ice Cave |   5.3 |   5.9 |   2.1 |   0.0 |   5.0 | 13996.0
               +-------+-------+-------+-------+-------+----------------------

Skill      XL: |  1  2  3  4  5  6  7  8  9 10 11 12 13 14 15 16 17 |
---------------+----------------------------------------------------+-----
Unarmed Combat | 1 2 3 4 5 7 9 11 13 14 15 16 17 19 | 19.7
Fighting       | 1 2 3 4 5 7 8 9 10 11 12 | 12.0
Armour         | 2 3 4 5 6 7 8 9 |  9.6
Throwing       | 1 3 4 6 7 8 9 |  9.9
Evocations     | 2 3 4 5 6 7 |  7.2
Shields        | 4 6 8 10 11 | 11.3
Dodging        | 2 4 |  4.9
Invocations    | 3 4 |  4.6
Short Blades   | |  0.7
Stealth        | |  1.5
Spellcasting   | |  1.2
Hexes          | |  2.0

Action                     |  1- 3 |  4- 6 |  7- 9 | 10-12 | 13-15 | 16-18 || total
---------------------------+-------+-------+-------+-------+-------+-------++-------
  Melee: Unarmed           |    98 |   130 |   239 |   595 |  1023 |   724 ||  2809
         Punch             |       |     3 |    10 |    10 |       |       ||    23
  Throw: Boomerang         |       |       |       |     3 |       |       ||     3
         Large rock        |       |       |       |     4 |    82 |    35 ||   121
         Dart              |       |       |       |       |     6 |       ||     6
 Invoke: Transference      |       |       |       |     1 |       |       ||     1
         Ancestor Life: Kn |       |       |       |     1 |       |       ||     1
         Recall Ancestor   |       |       |       |     1 |     2 |     8 ||    11
         Idealise          |       |       |       |       |       |     7 ||     7
  Evoke: Wand              |       |       |       |    12 |    10 |     9 ||    31
         Condenser vane    |       |       |       |       |     1 |       ||     1
         Lightning rod     |       |       |       |       |       |     4 ||     4
         Phantom mirror    |       |       |       |       |       |     1 ||     1
    Use: Scroll            |       |     6 |     7 |    12 |     8 |     5 ||    38
         Potion            |       |       |       |     3 |       |     6 ||     9
   Stab: Sleeping          |     4 |     3 |     1 |       |     3 |     2 ||    13
         Distracted        |       |       |     2 |     2 |     6 |     7 ||    17
         Invisible         |       |       |       |     3 |     4 |     4 ||    11
         Paralysed         |       |       |       |       |     3 |       ||     3
 Armour: Robe              |    65 |    36 |       |       |       |       ||   101
         Troll leather arm |       |    35 |   126 |   288 |   414 |   351 ||  1214
  Dodge: Dodged            |    64 |   101 |   122 |   254 |   292 |   227 ||  1060
  Block: Kite shield       |       |       |       |   310 |   847 |   842 ||  1999

Vanquished Creatures
  Roxanne (D:15)
  4 nagarajas
  An orc warlord (Bailey)
  An ironbound preserver (D:13)
  A fire dragon (Lair:5)
  Harold (D:10)
  The ghost of Taul the Cruncher, a journeyman MiFi of Cheibriados (Orc:2)
  2 ice dragons
  6 hydras
  3 salamander tyrants
  A demonspawn (Orc:2)
  2 ironbound frosthearts (IceCv)
  2 centaur warriors (D:14)
  2 boulder beetles (D:15)
  2 two-headed ogres
  14 anacondas
  12 naga warriors
  3 tengu warriors (D:13)
  4 death yaks (IceCv)
  3 orc high priests (Orc:2)
  5 shock serpents
  10 naga sharpshooters
  2 sun demons (Orc:2)
  An anaconda zombie (Snake:3)
  9 salamander mystics
  4 skeletal warriors
  A spectral anaconda (Snake:3)
  12 mana vipers
  4 naga ritualists
  A lindwurm (Lair:5)
  2 anaconda skeletons (Snake:3)
  3 orc knights (Orc:2)
  A deep elf pyromancer (D:15)
  23 salamanders
  28 ugly things
  8 orc sorcerers (Orc:2)
  3 cyclopes
  Maurice (D:7)
  22 elephants
  2 manticores
  2 kobold blastminers
  Joseph (D:7)
  A guardian serpent (Snake:4)
  An ice statue (IceCv)
  29 black mambas
  2 molten gargoyles (Lair:5)
  9 naga magi
  3 gargoyles
  An unseen horror (D:10)
  An orange demon (Orc:2)
  Maggie (D:7)
  Jeremiah (D:8)
  13 komodo dragons
  12 cane toads
  3 rime drakes
  A tengu conjurer (D:13)
  An ice devil (Orc:2)
  4 anaconda simulacra (Snake:3)
  Psyche (D:8)
  A queen bee (D:9)
  12 polar bears
  A hellwing (Orc:2)
  4 trolls
  A hornet (Lair:3)
  A centaur simulacrum (D:14)
  3 slime creatures (D:14)
  A spriggan (D:8)
  A yak (shapeshifter) (D:14)
  A shadow (D:10)
  4 wyverns
  61 yaks
  2 vampires
  5 basilisks
  3 wraiths
  Grum (D:8)
  3 steam dragons (Lair:5)
  8 vampire mosquitoes
  34 nagas
  4 hell hounds (Lair:5)
  4 acid dragons
  8 water moccasins
  Pargi (Sewer)
  Duvessa (D:7)
  2 black bears
  29 orc warriors
  2 sky beasts
  An ice beast (D:6)
  A tengu (shapeshifter) (D:15)
  18 wolves
  4 ogres
  4 centaurs
  3 phantoms
  2 brain worms (Sewer)
  12 bullfrogs
  A gnoll sergeant (D:5)
  2 scorpions (D:6)
  9 wights
  Dowan (D:7)
  19 killer bees (D:9)
  2 electric eels (D:12)
  2 bombardier beetles
  5 howler monkeys
  3 lava snakes (Lair:5)
  6 hounds
  3 jellies
  15 orc priests
  Natasha (thrice) (D:4)
  Terence (D:3)
  3 iguanas
  14 orc wizards
  5 hell rats (Lair:4)
  10 adders
  13 gnolls
  A shadow imp (D:6)
  2 dart slugs
  47 orcs
  8 ball pythons
  7 endoplasms
  6 giant cockroaches
  12 goblins
  12 hobgoblins
  13 jackals
  A quokka (D:3)
  7 bats
  4 frilled lizards
  19 kobolds
  2 rats
  A spectral weapon (Snake:4)
797 creatures vanquished.

Vanquished Creatures (collateral kills)
  A very ugly thing (D:15)
  Snorg (D:11)
  A fire dragon (D:15)
  3 hydras
  A salamander tyrant (Snake:4)
  2 anacondas (Snake:4)
  A demonspawn (Orc:2)
  A two-headed ogre (D:11)
  A catoblepas (D:15)
  A death knight (D:14)
  A centaur warrior (D:11)
  4 naga warriors
  2 orc high priests (Orc:2)
  5 shock serpents
  2 naga sharpshooters
  A salamander mystic (Snake:3)
  A spectral anaconda (Snake:3)
  3 naga ritualists
  2 mana vipers
  A phantasmal warrior (D:14)
  A cyclops (D:13)
  An orc sorcerer (Orc:1)
  7 elephants
  6 salamanders
  3 guardian serpents
  3 naga magi
  13 black mambas
  A molten gargoyle (Lair:5)
  A cane toad (Lair:3)
  An anaconda simulacrum (Snake:3)
  A rime drake (Lair:3)
  3 komodo dragons
  2 polar bears (IceCv)
  7 yaks
  A wyvern (Lair:5)
  2 vampire mosquitoes (Lair:3)
  A basilisk (Lair:5)
  12 nagas
  2 water moccasins
  3 orc warriors (Orc:2)
  2 wolves
  A centaur (D:8)
  An ogre (Orc:1)
  2 bullfrogs (Lair:1)
  2 wights (D:9)
  A howler monkey (D:8)
  A lava snake (Lair:5)
  6 orc priests (Orc:2)
  An iguana (D:6)
  2 orc wizards
  2 hell rats (Lair:4)
  11 orcs
  A goblin (Bailey)
  A hobgoblin (Bailey)
  A kobold (Bailey)
141 creatures vanquished.

Vanquished Creatures (others)
  2 spectral anacondas (Snake:3)
  18 knights
  8 ancestors
28 creatures vanquished.

Grand Total: 966 creatures vanquished
